 Dungeon Crawl Stone Soup version 0.30-a0-691-g754fce4c43 (webtiles) character file.

Game seed: 17888137704997861478

4697 kae the Transmogrifier (level 10, -3/78 HPs)
             Began as a Demonspawn Transmuter on Jan 19, 2023.
             Was an Elder of Wu Jian.
             Slain by a two-headed ogre
             ... wielding a +0 giant spiked club
              (25 damage)
             ... on level 9 of the Dungeon.
             The game lasted 00:11:28 (9290 turns).

kae the Transmogrifier (Demonspawn Transmuter)      Turns: 9290, Time: 00:11:28

Health: -3/78      AC:  9    Str: 20    XL:     10   Next: 21%
Magic:  27/28      EV: 10    Int: 22    God:    Wu Jian [****..]
Gold:   474        SH:  0    Dex: 13    Spells: 11/21 levels left

rFire   x . .      SeeInvis .      - Unarmed
rCold   + + +      Faith    .    (shield currently unavailable)
rNeg    . . .      Spirit   .    (body armour currently unavailable)
rPois   +          Reflect  .    (helmet currently unavailable)
rElec   .          Harm     .    (cloak currently unavailable)
rCorr   .          Rampage  +    (gloves currently unavailable)
Will    .....                    (boots currently unavailable)
Stlth   ++                       x - amulet "Deppu" {Acrobat Rampage MP+9 Stlth+}
HPRegen 0.33/turn                I - +6 ring of intelligence
MPRegen 0.21/turn                S - +6 ring of strength

@: ice-form
A: freezing attack, amphibious, boosted hp, large, (molten scales 2), powered by
pain 1
a: End Transformation, Renounce Religion, Wall Jump, Serpent's Lash


You were on level 9 of the Dungeon.
You worshipped Wu Jian.
Wu Jian was greatly pleased with you.
You were a creature of crystalline ice.
You visited 2 branches of the dungeon, and saw 10 of its levels.
You also visited: Ossuary.

You collected 518 gold pieces.
You spent 44 gold pieces at shops.


Innate Abilities, Weirdness & Mutations

You are a creature of crystalline ice.
You have a powerful freezing melee attack.
You are amphibious.
Your maximum health is increased.
Your armour is entirely melded.
You are incapable of wielding weapons or throwing items.
((You are mostly covered in molten scales. (AC +3)))
You sometimes gain a little power by taking damage.


   Skills:
 - Level 1.0 Fighting
 - Level 1.7 Dodging
 + Level 6.2 Unarmed Combat
 + Level 6.0 Spellcasting
 * Level 8.5 Transmutations
 * Level 7.2 Ice Magic
 - Level 1.5 Poison Magic


You had 11 spell levels left.
You knew the following spells:

 Your Spells              Type           Power      Damage    Failure   Level
a - Beastly Appendage     Tmut           88%        N/A       1%          1
b - Wereblood             Tmut           44%        N/A       1%          2
c - Spider Form           Tmut/Pois      28%        N/A       3%          3
d - Ice Form              Ice/Tmut       41%        N/A       3%          4

Your spell library contained the following spells:

 Spells                   Type           Power      Damage    Failure   Level
 Shock                    Conj/Air       24%        1d4       9%          1
 Swiftness                Air            6%         N/A       26%         3
 Airstrike                Air            3%         2d(1-17)  65%         4
 Fireball                 Conj/Fire      3%         3d4       94%         5
 Iskenderun's Battlesphe  Conj           6%         2d6       94%         5
 Conjure Ball Lightning   Conj/Air       3%         3x3d6     100%        6
 Orb of Destruction       Conj           3%         9d5       100%        7

Inventory:

Missiles
 c - 101 stones
 e - 4 boomerangs
 l - 6 silver boomerangs
 A - 5 poisoned darts
Armour
 a - a +1 robe (melded)
Magical Staves
 n - a staff of poison {!a}
   (You found it on level 2 of the Dungeon)
 t - a staff of cold {!a}
   (You found it on level 5 of the Dungeon)
Jewellery
 f - a ring of fire
   (You found it on level 5 of the Dungeon)
 x - the amulet "Deppu" (around neck) {Acrobat Rampage MP+9 Stlth+}
   (You found it on level 6 of the Dungeon)

   [amulet of the acrobat]

   It increases your evasion while moving and waiting.
   MP:        It affects your magic capacity (+9).
   Rampage:   It bestows one free step when moving towards enemies.
   Stlth:     It makes you more stealthy.
 B - an amulet of magic regeneration
   (You took it off a centaur on level 8 of the Dungeon)
 D - a ring of protection from fire
   (You found it on level 8 of the Dungeon)
 F - a ring of protection from fire
   (You found it on level 5 of the Dungeon)
 I - a +6 ring of intelligence (left front paw)
   (You found it on level 3 of the Dungeon)
 S - a +6 ring of strength (right front paw)
   (You found it on level 4 of the Dungeon)
Wands
 d - a wand of flame (32)
   (You found it on level 4 of the Dungeon)
 i - a wand of polymorph (12)
   (You found it on level 5 of the Dungeon)
 r - a wand of mindburst (23)
   (You found it on level 4 of the Dungeon)
Scrolls
 s - 4 scrolls of teleportation {@r4}
 u - 2 scrolls of butterflies
 y - 2 scrolls of vulnerability {!r!r}
 C - a scroll of identify {@r1}
Potions
 b - 2 potions of lignification {!q}
 g - a potion of mutation {!q}
 h - a potion of brilliance
 j - 2 potions of might
 k - a potion of haste {@q3}
 m - 2 potions of invisibility
 o - 4 potions of attraction {!q}
 p - 4 potions of heal wounds {@q2}
 q - 8 potions of curing {@q1}
 v - a potion of flight
 w - 3 potions of cancellation
 z - a potion of berserk rage {!q}

Dungeon Overview and Level Annotations

Branches:
Dungeon (9/15) Zot: 26929  Temple (1/1) D:7 Zot: 5801 Ossuary (visited)
   Lair: D:8-11         Orc: D:9-12

Altars:
Ashenzari
Cheibriados
Dithmenos
Fedhas
Gozag
Hepliaklqana
Kikubaaqudgha
Nemelex Xobeh
Okawaru
Qazlal
Ru
Sif Muna
Uskayaw
Vehumet
Wu Jian
Xom
Yredelemnul

Shops:
D:8

! ##.......
##......g
##........
.......g.
.....?...
.......g##
.....ggO.####
#......Y[...##.
.......{.......
#..............
.......))##....
..#......# .## .
#####..##.... #.
#............ ...
#............
....##./.......###


You could see a two-headed ogre, a gnoll sergeant and 4 gnolls.


Message History

An orc wizard is nearby!
An orc wizard is nearby!
Unknown command.
An orc wizard is nearby!
An orc wizard is nearby!
Casting: Wereblood (safe; 1% risk of failure)
Confirm with . or Enter, or press ? or * to list all spells.
You extend your transformation's duration.
An orc wizard is nearby! 😎 MP[-4]
You lost 4 mp, and now have 24/28 mp.
An orc wizard is nearby!
An orc wizard comes into view. It is wielding a +0 dagger.
An orc priest and an orc come into view.
The orc priest is wielding a +2 falchion of protection.
The orc priest moves out of view.
There are monsters nearby!
An orc comes into view. It is wielding a +0 hand axe.
The orc wizard shouts!
The orc shouts!
You hear a shout!
The orc shouts!
You hear two shouts!
The orc wizard mumbles some strange words.
The orc wizard flickers and vanishes!
Deactivating autopickup; reactivate with Ctrl-A.
There are monsters nearby!
Unknown command.
You rampage towards the orc priest!
You punch the orc priest! You freeze the orc priest.
The orc priest hits you but does no damage.
You punch the orc priest! You freeze the orc priest.
You kill the orc priest!
The Council accepts your kill.
There are monsters nearby!
There are monsters nearby!
You barely miss the orc. The orc completely misses you.
You hit the orc wizard. You freeze the orc wizard.
The orc wizard barely misses you. The orc hits you but does no damage.
There are monsters nearby!
You hit the orc wizard. You freeze the orc wizard.
You kill the orc wizard!
The Council accepts your kill. Something hits you. The orc barely misses you.
You pummel the orc!! You freeze the orc.
You kill the orc!
The Council accepts your kill. Something hits you but does no damage.
A two-headed ogre comes into view.
It is wielding a +0 giant spiked club and a +0 dire flail.
The orc hits you with a +0 short sword.
There are monsters nearby!
You punch the orc! You freeze the orc.
You kill the orc!
The Council accepts your kill.
You hear some strange, mumbled words.
A magic dart appears from out of thin air!
The magic dart hits you.
You rampage towards the two-headed ogre!
A gnoll sergeant comes into view. It is wielding a +2 spear of flaming.
A gnoll comes into view. It is wielding a +0 club. x2
Something hits you but does no damage.
There are monsters nearby!
You rampage towards the two-headed ogre!
The two-headed ogre barely misses you. The two-headed ogre closely misses you.
The gnoll sergeant shouts!
The gnoll shouts!
You pummel the two-headed ogre!! You freeze the two-headed ogre.
You hear a shout!
A gnoll comes into view. It is wielding a +0 club.
You hit the two-headed ogre. You freeze the two-headed ogre.
The two-headed ogre completely misses you.
The two-headed ogre hits you with a +0 dire flail!!
The gnoll sergeant hits you from afar with a +2 spear of flaming.
The gnoll sergeant melts you. Something hits you but does no damage.
You are too injured to fight recklessly!
You are too injured to fight recklessly! 😮 HP[-34] MP[+3]
You take 34 damage, and now have 44/78 hp.
MASSIVE DAMAGE!! (PAUSE)
You regained 3 mp, and now have 27/28 mp.
You completely miss the two-headed ogre. 😮 HP[+1]
You punch the two-headed ogre! You freeze the two-headed ogre.
The two-headed ogre barely misses you. x2
A gnoll comes into view. It is wielding a +0 halberd.
The gnoll sergeant hits you from afar with a +2 spear of flaming!
* * * LOW HITPOINT WARNING * * *
The gnoll sergeant melts you.
* * * LOW HITPOINT WARNING * * *
Something hits you.
* * * LOW HITPOINT WARNING * * *
Unknown command. 😨 HP[-13]
You take 13 damage, and now have 32/78 hp.
You punch the two-headed ogre! You freeze the two-headed ogre.
The gnoll hits you with a +0 club.
* * * LOW HITPOINT WARNING * * *
Something hits you but does no damage.
The gnoll sergeant hits you from afar with a +2 spear of flaming.
* * * LOW HITPOINT WARNING * * *
The gnoll sergeant melts you.
* * * LOW HITPOINT WARNING * * *
The two-headed ogre hits you with a +0 giant spiked club!!
You die...

Skill      XL: |  1  2  3  4  5  6  7  8  9 10 |
---------------+-------------------------------+-----
Transmutations | 2 3 4 5 6 8 |  8.5
Unarmed Combat | 3 4 5 6 |  6.2
Poison Magic   | 1 |  1.5
Spellcasting   | 3 4 5 6 |  6.0
Ice Magic      | 2 3 5 6 7 |  7.2
Fighting       | |  1.0
Dodging        | |  1.7

Action                   |  1- 3 |  4- 6 |  7- 9 | 10-12 || total
-------------------------+-------+-------+-------+-------++-------
Melee: Unarmed           |    80 |   120 |   267 |    40 ||   507
       Kick              |    18 |    12 |       |       ||    30
       Headbutt          |     5 |     9 |       |       ||    14
       Punch             |       |       |     1 |       ||     1
 Cast: Beastly Appendage |    19 |    19 |       |       ||    38
       Spider Form       |     1 |     4 |     6 |       ||    11
       Wereblood         |       |     2 |     5 |     1 ||     8
       Ice Form          |       |     1 |    27 |     4 ||    32
Invok: Lunge             |     2 |     9 |    16 |       ||    27
       Whirlwind         |     1 |     2 |     8 |       ||    11
Evoke: Wand              |       |       |     1 |       ||     1
  Use: Scroll            |       |    15 |     4 |     2 ||    21
 Stab: Sleeping          |     2 |       |     4 |       ||     6
Armor: Robe              |    18 |    14 |     5 |       ||    37
       Skin              |       |     1 |    73 |    10 ||    84
Dodge: Dodged            |    48 |    75 |   104 |    23 ||   250

Levels and vault maps discovered:
D:1:      minmay_arrival_split_and_join, layout_basic,
          shapermc_ecumenical_altar_ellora
D:2:      minmay_skewed_foursquare, layout_loops_ring,
          wander_ebering_terrifying_dragon_lair, uniq_sigmund
D:3:      minmay_inner_zag, layout_basic, nemelex_spade_bored_becter
D:4:      layout_gridville, tso_metal_star, chequers_temple_overflow_minitemple
D:5:      layout_loops_ring, grunt_temple_overflow_growth_and_decay,
          minmay_fountain_box, uniq_blork_the_orc
D:6:      layout_basic, elyvilon_altar_4, enter_ossuary_3, gup_sewer_entry_bowl,
          uniq_maggie, uniq_eustachio
D:7:      layout_basic, marbit_many_paths, minmay_temple_entry_mist
D:8:      layout_basic, mainiacjoe_overflow_brackets, serial_shops,
          nicolae_shop_behind_doors
D:9:      layout_cave_pools, grunt_lair_entry_orc_guard_hut, serial_glass,
          glass_columns_b, glass_columns_c, uniq_joseph
Temple:   chequers_temple_sunken

Notes
Turn   | Place    | Note
-------+----------+-------------------------------------------
     0 | D:1      | kae the Demonspawn Transmuter began the quest for the Orb.
     0 | D:1      | Reached XP level 1. HP: 15/15 MP: 3/3
     0 | D:1      | magus.rc [v1.11.3]
   221 | D:1      | Reached skill level 2 in Transmutations
   242 | D:1      | Found a faded altar of an unknown god.
   593 | D:1      | Gained mutation: You are partially covered in molten
                  | scales. (AC +2) [demonic ancestry]
   593 | D:1      | Reached XP level 2. HP: 19/21 MP: 3/5
  1045 | D:1      | Prayed at the altar of an unknown god.
  1045 | D:1      | Became a worshipper of the Wu Jian Council
  1045 | D:1      | Reached * piety under Wu Jian
  1177 | D:2      | Reached skill level 3 in Unarmed Combat
  1270 | D:2      | Reached XP level 3. HP: 26/26 MP: 4/6
  1273 | D:2      | Learned a level 2 spell: Wereblood
  1277 | D:2      | Learned a level 3 spell: Spider Form
  1554 | D:2      | Noticed Sigmund
  1565 | D:2      | Killed Sigmund
  1566 | D:2      | Reached skill level 3 in Transmutations
  1566 | D:2      | Reached skill level 1 in Poison Magic
  1566 | D:2      | Reached XP level 4. HP: 32/32 MP: 3/8
  1566 | D:2      | Gained mutation: You are mostly covered in molten scales.
                  | (AC +3) [demonic ancestry]
  1566 | D:2      | Reached XP level 5. HP: 37/37 MP: 3/9
  1693 | D:2      | Identified the +1 robe of the Dragon {rF+ rCorr}
  1836 | D:2      | Reached skill level 3 in Spellcasting
  2023 | D:2      | You pick up a book of Air and begin reading...
  2023 | D:2      | You add the spells Shock, Swiftness and Airstrike to your
                  | library.
  2333 | D:3      | Learned a level 4 spell: Ice Form
  2376 | D:3      | Reached ** piety under Wu Jian
  2409 | D:3      | Reached skill level 4 in Transmutations
  2515 | D:3      | Identified the +0 leather armour "Taalu" {*Corrode rC-
                  | Dex+8 Stlth+}
  2661 | D:3      | Found a sparkling altar of Nemelex Xobeh.
  3272 | D:4      | You pick up a book of the Spheres and begin reading...
  3272 | D:4      | You add the spells Iskenderun's Battlesphere, Fireball,
                  | Conjure Ball Lightning and Orb of Destruction to your
                  | library.
  3372 | D:4      | Reached XP level 6. HP: 43/43 MP: 6/10
  3772 | D:4      | Reached skill level 1 in Ice Magic
  4000 | D:4      | Found a faded altar of an unknown god.
  4000 | D:4      | Found a radiant altar of Vehumet.
  4007 | D:4      | Found a shimmering blue altar of Sif Muna.
  4009 | D:4      | Found a stormy altar of Qazlal.
  4013 | D:4      | Found a faded altar of an unknown god.
  4049 | D:5      | Entered Level 5 of the Dungeon
  4084 | D:5      | Reached skill level 2 in Ice Magic
  4167 | D:5      | Reached XP level 7. HP: 48/48 MP: 9/12
  4249 | D:5      | Reached skill level 4 in Unarmed Combat
  4265 | D:5      | HP: 12/48 [poisoned by a scorpion]
  4412 | D:5      | HP: 9/48 [centaur/arrow (5)]
  4417 | D:5      | HP: 5/48 [centaur (1)]
  4420 | D:5      | Reached skill level 5 in Transmutations
  4741 | D:5      | Noticed Blork the orc
  4753 | D:5      | Killed Blork the orc
  4754 | D:5      | Reached skill level 3 in Ice Magic
  4755 | D:5      | magus.rc [v1.11.3]
  5030 | D:5      | Found a blossoming altar of Fedhas.
  5033 | D:5      | Found an ancient bone altar of Kikubaaqudgha.
  5299 | D:6      | Reached skill level 4 in Spellcasting
  5302 | D:6      | Reached *** piety under Wu Jian
  5303 | D:6      | Noticed Eustachio
  5304 | D:6      | Found a sand-covered staircase.
  5312 | D:6      | Killed Eustachio
  5313 | D:6      | Reached XP level 8. HP: 34/54 MP: 10/14
  5325 | Ossuary  | Entered an ossuary
  5416 | Ossuary  | Noticed a flying skull
  5575 | Ossuary  | Noticed a flying skull
  5597 | Ossuary  | Noticed a flying skull
  5612 | Ossuary  | Reached skill level 6 in Transmutations
  5612 | Ossuary  | Reached skill level 4 in Ice Magic
  5949 | D:6      | Reached skill level 5 in Unarmed Combat
  6017 | D:6      | Identified the amulet "Deppu" {Acrobat Rampage MP+9 Stlth+}
  6207 | D:6      | Reached skill level 5 in Ice Magic
  6213 | D:6      | Noticed Maggie
  6227 | D:6      | Killed Maggie
  6228 | D:6      | Reached XP level 9. HP: 33/59 MP: 11/16
  6696 | D:7      | Found a staircase to the Ecumenical Temple.
  6720 | D:7      | Reached skill level 5 in Spellcasting
  6720 | D:7      | Reached skill level 7 in Transmutations
  6733 | Temple   | Entered the Ecumenical Temple
  7202 | D:7      | Reached **** piety under Wu Jian
  7269 | D:7      | Identified the +1 ring mail of the Evening {rF+ Int+2 Dex+3
                  | Slay-6}
  7382 | D:7      | Reached skill level 6 in Ice Magic
  7790 | D:7      | Found a hazy altar of Hepliaklqana.
  8257 | D:8      | Reached skill level 8 in Transmutations
  8322 | D:8      | Found a basalt altar of Yredelemnul.
  8322 | D:8      | Found Uwoaf's Distillery.
  8329 | D:8      | Reached skill level 6 in Unarmed Combat
  8456 | D:8      | Gained mutation: You sometimes gain a little power by
                  | taking damage. [demonic ancestry]
  8456 | D:8      | Reached XP level 10. HP: 64/65 MP: 18/18
  8460 | D:8      | Reached skill level 7 in Ice Magic
  8465 | D:8      | HP: 16/78 [yak (13)]
  8485 | D:8      | Bought a potion of might for 44 gold pieces
  9004 | D:8      | Reached skill level 6 in Spellcasting
  9282 | D:9      | Noticed a two-headed ogre
  9290 | D:9      | Slain by a two-headed ogre

Vanquished Creatures
  Maggie (D:6)
  Sigmund (D:2)
  2 wraiths (Ossuary)
  4 yaks (D:8)
  A wyvern (D:8)
  Eustachio (D:6)
  A steam dragon (D:7)
  An acid dragon (D:8)
  3 orc warriors
  2 sky beasts
  3 ogres
  3 centaurs
  A kobold brigand (D:8)
  Blork the orc (D:5)
  2 necrophages
  A scorpion (D:5)
  9 wights
  3 killer bees (D:8)
  7 howler monkeys
  4 hounds
  6 orc priests
  6 orc wizards
  3 iguanas
  3 adders
  11 gnolls
  A white imp (D:6)
  2 worms
  3 dart slugs
  33 orcs
  6 ball pythons
  4 endoplasms
  5 giant cockroaches
  5 goblins
  5 hobgoblins
  A quokka (D:2)
  3 ball python skeletons (Ossuary)
  5 bats
  8 frilled lizards
  A hobgoblin zombie (Ossuary)
  A jackal zombie (D:6)
  10 kobolds
  A kobold zombie (D:6)
  2 orc skeletons (Ossuary)
  3 orc zombies (Ossuary)
  7 rats
186 creatures vanquished.

Vanquished Creatures (others)
  A quokka (D:6)
  9 fungi
  5 plants
15 creatures vanquished.

Grand Total: 201 creatures vanquished

Table legend:
 A = Non-vault XP
 B = Vault XP
 C = Vault XP percentage of total XP
 D = Non-vault monster count
 E = Vault monster count
 F = Vault count percentage of total count
                 A         B        C        D         E       F
            +---------+---------+-------+---------+---------+-------
      Total |    5084 |    1627 |  24.2 |     150 |      36 |  19.4
            +---------+---------+-------+---------+---------+-------
        D:1 |      33 |       0 |   0.0 |      20 |       0 |   0.0
        D:2 |      30 |     240 |  88.9 |      10 |      10 |  50.0
        D:3 |      30 |       9 |  23.1 |      13 |       4 |  23.5
        D:4 |     114 |       0 |   0.0 |      12 |       0 |   0.0
        D:5 |     663 |      90 |  12.0 |      16 |       1 |   5.9
        D:6 |     676 |     581 |  46.2 |      20 |       7 |  25.9
        D:7 |    1346 |     129 |   8.7 |      26 |       1 |   3.7
        D:8 |    1974 |       0 |   0.0 |      26 |       0 |   0.0
        D:9 |     218 |       0 |   0.0 |       7 |       0 |   0.0
    Ossuary |       0 |     578 | 100.0 |       0 |      13 | 100.0
            +---------+---------+-------+---------+---------+-------

Illustrated notes

Table legend:
 A = Kills in this place as a percentage of kills in entire the game.
 B = Kills by you in this place as a percentage of kills by you in the entire game.
 C = Kills by friends in this place as a percentage of kills by friends in the entire game.
 D = Other kills in this place as a percentage of other kills in the entire game.
 E = Experience gained in this place as a percentage of experience gained in the entire game.
 F = Experience gained in this place divided by the number of levels of this place that you have seen.
                   A       B       C       D       E      F
               +-------+-------+-------+-------+-------+----------------------
         Total | 100.0 | 100.0 |   N/A |   N/A | 100.0 | 610.1
       Dungeon |  93.0 |  93.0 |   N/A |   N/A |  91.4 | 681.4
       Ossuary |   7.0 |   7.0 |   N/A |   N/A |   8.6 | 578.0
               +-------+-------+-------+-------+-------+----------------------

Table legend: (Time is in decaauts)
 A = Elapsed time spent in this place.
 B = Non-inter-level travel time spent in this place.
 C = Inter-level travel time spent in this place.
 D = Time resting spent in this place.
 E = Time spent auto-exploring this place.
 F = Levels seen in this place.
 G = Mean time per level.
                   A        B        C        D        E       F      G
               +--------+--------+--------+--------+--------+-----+--------+
         Total |   9321 |   9068 |    253 |     38 |   7675 |  11 |  847.4 |
       Dungeon |   8571 |   8329 |    242 |     34 |   7084 |   9 |  952.3 |
        Temple |    198 |    187 |     11 |      0 |    180 |   1 |  198.0 |
       Ossuary |    551 |    551 |      0 |      4 |    411 |   1 |  551.0 |
               +--------+--------+--------+--------+--------+-----+--------+

Top non-repeatable levels by time:
     D:8: 1201 daAuts
     D:7: 1187 daAuts
     D:5: 1186 daAuts
     D:1: 1066 daAuts
     D:4: 1032 daAuts
     D:2: 1030 daAuts
     D:3: 908 daAuts
     D:6: 888 daAuts
 Ossuary: 551 daAuts
  Temple: 198 daAuts
     D:9: 69 daAuts
